 Dungeon Crawl Stone Soup version 0.30-a0-586-g23e55c9e0a (webtiles) character file.

Game seed: 17280374636602213784

92109 Dartaoz the Tortoise (level 16, 0/107 HPs)
             Began as a Gargoyle Fighter on Jan 3, 2023.
             Was a High Priest of Okawaru.
             Slain by a wolf spider simulacrum (30 damage)
             ... on level 14 of the Dungeon.
             The game lasted 02:56:08 (26212 turns).

Dartaoz the Tortoise (Gargoyle Fighter)            Turns: 26212, Time: 02:56:09

Health: 0/107      AC: 43    Str: 25    XL:     16   Next: 5%
Magic:  29/31      EV: 10    Int: 14    God:    Okawaru [*****.]
Gold:   1722       SH: 17    Dex: 17    Spells: 15/15 levels left

rFire   + . .      SeeInvis .    w - +3 demon whip (drain)
rCold   . . .      Faith    +    j - +1 kite shield of Jotojioduu {rElec Int+2}
rNeg    + + .      Spirit   .    K - +3 plate armour
rPois   ∞          Reflect  .    P - +0 helmet of Solemn Intercession {rN+ Int+2 Slay+3}
rElec   +          Harm     .    O - scarf {shadows}
rCorr   .          Rampage  .    p - +2 pair of gloves
Will    ++...                    h - +2 pair of boots Stlth
                                 z - amulet of faith
HPRegen 0.37/turn                o - ring "Leavit" {rF+ Will+ MP+9}
MPRegen 0.22/turn                g - +6 ring of dexterity

@: heroic, flying, studying 2 skills
A: sickness immunity, AC +12, big wings, negative energy resistance 1,
electricity resistance, torment resistance 1, petrification resistance
a: Renounce Religion, Heroism, Finesse, Duel


You were on level 14 of the Dungeon.
You worshipped Okawaru.
Okawaru was extremely pleased with you.
You visited 5 branches of the dungeon, and saw 23 of its levels.
You also visited: Ice Cave.

You collected 2899 gold pieces.
You spent 1177 gold pieces at shops.

Inventory:

Hand Weapons
 b - a +6 vampiric flail
 w - a +3 demon whip of draining (weapon)
Missiles
 u - 21 poisoned darts (quivered)
 U - 7 curare-tipped darts
Armour
 h - a +2 pair of boots (worn)
 j - the +1 kite shield of Jotojioduu (worn) {rElec Int+2}
   (You found it on level 13 of the Dungeon)

   Int:       It affects your intelligence (+2).
   rElec:     It insulates you from electricity.
 p - a +2 pair of gloves (worn)
 K - a +3 plate armour (worn)
 O - a scarf of shadows (worn)
 P - the +0 helmet of Solemn Intercession (worn) {rN+ Int+2 Slay+3}
   (Okawaru gifted it to you on level 3 of the Lair of Beasts)

   Int:       It affects your intelligence (+2).
   Slay:      It affects your accuracy & damage with ranged weapons and melee
   (+3).
   rN:        It protects you from negative energy.
 Q - a +1 kite shield of cold resistance
Jewellery
 c - a ring of willpower
 g - a +6 ring of dexterity (right hand)
 o - the ring "Leavit" (left hand) {rF+ Will+ MP+9}
   (You found it on level 13 of the Dungeon)

   [ring of willpower]

   rF:        It protects you from fire.
   MP:        It affects your magic capacity (+9).
   Will:      It increases your willpower.
 q - a ring of see invisible
 x - a ring of positive energy
 z - an amulet of faith (around neck)
 L - a ring of protection from cold
Wands
 s - a wand of iceblast (18)
 D - a wand of flame (43)
 G - a wand of polymorph (12)
 H - a wand of mindburst (3)
 N - a wand of light (7)
Scrolls
 a - 3 scrolls of identify
 e - a scroll of poison
 f - 5 scrolls of teleportation
 k - 2 scrolls of enchant armour
 l - 5 scrolls of magic mapping
 m - a scroll of silence
 n - a scroll of fear
 r - a scroll of amnesia
 v - 5 scrolls of fog
 M - a scroll of noise
Potions
 d - 2 potions of haste
 t - 3 potions of resistance
 B - a potion of invisibility
 J - 2 potions of heal wounds
 R - a potion of cancellation
 V - 3 potions of brilliance
 W - 2 potions of ambrosia
 X - 2 potions of curing
 Y - 5 potions of berserk rage
Miscellaneous
 i - a lightning rod (4/4)
 S - a phial of floods


   Skills:
 + Level 14.9(19.9) Fighting
 - Level 14.0(19.0) Maces & Flails
 + Level 15.0(20.0) Armour
 + Level 15.0(20.0) Shields
 - Level 8.0 Invocations
 + Level 6.6 Evocations


You had 15 spell levels left.
You didn't know any spells.
Your spell library contained the following spells:

 Spells                   Type           Power      Damage    Failure   Level
 Foxfire                  Conj/Fire      0%         2x1d4     91%         1
 Freeze                   Ice            0%         1d3       91%         1
 Slow                     Hex            0%         N/A       91%         1
 Blink                    Tloc           0%         N/A       97%         2
 Momentum Strike          Conj/Tloc      0%         3d8       97%         2
 Passwall                 Tmut/Erth      0%         N/A       97%         2
 Static Discharge         Conj/Air       0%         2-2/arc   97%         2
 Wereblood                Tmut           0%         N/A       97%         2
 Confusing Touch          Hex            0%         N/A       99%         3
 Frozen Ramparts          Ice            0%         1d1       99%         3
 Hailstorm                Conj/Ice       0%         3d3       99%         3
 Ignite Poison            Fire/Tmut/Pois 0%         N/A       99%         3
 Ozocubu's Armour         Ice            0%         N/A       99%         3
 Portal Projectile        Hex/Tloc       0%         N/A       99%         3
 Vampiric Draining        Necr           0%         2d6       99%         3
 Vhi's Electric Charge    Tloc/Air       0%         N/A       99%         3
 Leda's Liquefaction      Hex/Erth       0%         N/A       100%        4
 Manifold Assault         Tloc           0%         N/A       100%        4
 Passage of Golubria      Tloc           0%         N/A       100%        4
 Petrify                  Tmut/Erth      0%         N/A       100%        4
 Alistair's Intoxication  Tmut/Pois      0%         N/A       100%        5
 Arcjolt                  Conj/Air       0%         1d10      100%        5
 Blade Hands              Tmut           0%         N/A       100%        5
 Borgnjor's Vile Clutch   Necr/Erth      0%         N/A       100%        5
 Fireball                 Conj/Fire      0%         3d3       100%        5
 Irradiate                Conj/Tmut      0%         3d11      100%        5
 Lee's Rapid Deconstruct  Erth           0%         3d4*      100%        5
 Lightning Bolt           Conj/Air       0%         1d11      100%        5
 Metabolic Englaciation   Hex/Ice        0%         N/A       100%        5
 Yara's Violent Unravell  Hex/Tmut       0%         3d3       100%        5
 Dispersal                Tloc           0%         N/A       100%        6
 Starburst                Conj/Fire      0%         6d3       100%        6
 Dragon Form              Tmut           0%         N/A       100%        7
 Ozocubu's Refrigeration  Ice            0%         4d7       100%        7
 Storm Form               Tmut/Air       0%         N/A       100%        7
 Sublimation of Blood     Necr           Unusable   N/A       N/A         2
 Tukima's Dance           Hex            Unusable   N/A       N/A         3
 Simulacrum               Ice/Necr       Unusable   N/A       N/A         6
 Statue Form              Tmut/Erth      Unusable   N/A       N/A         6
 Malign Gateway           Summ/Tloc      Unusable   N/A       N/A         7
 Summon Hydra             Summ           Unusable   N/A       N/A         7
 Summon Horrible Things   Summ           Unusable   N/A       N/A         8

Dungeon Overview and Level Annotations

Branches:
Dungeon (14/15)            Temple (1/1) D:5            Lair (5/5) D:8
  Swamp (1/4) Lair:2        Snake (0/4) Lair:2        Slime (0/5) Lair:5
    Orc (2/2) D:11            Elf (0/3) Orc:2        Vaults (0/5) D:13
  IceCv (visited)

Altars:
Ashenzari
Cheibriados
Dithmenos
Elyvilon
Fedhas
Gozag
Hepliaklqana
Kikubaaqudgha
Makhleb
Nemelex Xobeh
Okawaru
Qazlal
Ru
Sif Muna
Trog
Uskayaw
Vehumet
Wu Jian
Xom
Yredelemnul
Zin
The Shining One
Jiyva

Shops:
D:2 [   D:5 *   D:7 (   D:10 :   D:11 [   Orc:1 ?[(*   Orc:2 !(=?

Annotations:
Swamp:1 Frances


Innate Abilities, Weirdness & Mutations

You are immune to sickness and miasma.
Your stone body is resilient. (AC +12)
You are immune to poison.
Your large and strong wings let you fly.
You resist negative energy. (rN+)
You are resistant to electric shocks. (rElec)
You are resistant to unholy torment.
You are immune to petrification.


Message History

The slime creature quivers.
You thrash the slime creature!!
You kill the slime creature!
Okawaru accepts your kill.
You hit the large slime creature.
The large slime creature is lightly wounded.
The slime creature hits you but does no damage.
A large slime creature splits.
You whack the slime creature! You drain the slime creature.
The slime creature is moderately wounded.
A manticore comes into view.
You block the slime creature's attack.
The slime creature hits you but does no damage.
The wolf spider simulacrum hits you.
The wolf spider simulacrum freezes you!!
You block the wolf spider simulacrum's attack.
You hit the slime creature.
The slime creature is heavily wounded.
You block the slime creature's attack.
You gain the combat prowess of a mighty hero.
The wolf spider simulacrum hits you! The wolf spider simulacrum freezes you!
You block the wolf spider simulacrum's attack.
You block the slime creature's attack. x2
The wolf spider simulacrum barely misses you.
The wolf spider simulacrum bites you but does no damage.
The slime creature hits you but does no damage.
You are too injured to fight recklessly!
You are too injured to fight recklessly!
You are too injured to fight recklessly!
You are too injured to fight recklessly!
You punish the slime creature, causing immense pain!!!
You kill the slime creature!
Okawaru accepts your kill.
You hear a horrible gurgling sound!
The manticore flicks its tail.
You block the volley of spikes. The slime creature hits you!
You block the slime creature's attack. The wolf spider simulacrum hits you.
* * * LOW HITPOINT WARNING * * *
The wolf spider simulacrum freezes you!!
You die...

...... ........
......####.#...##
......#..........
...H..#..........
......#..........
......#<.........
#............
##...$.......
##.@....>...
#JJZ.......
.J.........
.............
.........#####
####......
##.....#


You could see 3 slime creatures, a manticore and a wolf spider simulacrum.

Vanquished Creatures
  2 orc warlords
  A stone giant (D:13)
  The ghost of LetschGu the Stormcaller, a journeyman TeAE of Vehumet (Lair:5)
  2 ettins (D:13)
  A fire dragon (Lair:5)
  4 vault guards (D:13)
  A hydra (D:13)
  An anaconda (Lair:5)
  4 ogre magi
  3 centaur warriors (D:13)
  An alligator (Lair:5)
  2 boulder beetles
  8 two-headed ogres
  Nergalle (Orc:2)
  Sonja (Lair:4)
  A swamp dragon (Lair:5)
  A wizard (D:14)
  A necromancer (IceCv)
  10 orc sorcerers
  14 cyclopes
  An ugly thing (D:12)
  7 black mambas
  10 elephants
  2 gargoyles
  18 cane toads
  An ice statue (IceCv)
  5 rime drakes
  2 kobold demonologists (D:11)
  An efreet (D:13)
  An unseen horror (D:11)
  9 ice devils (IceCv)
  7 komodo dragons
  5 anaconda simulacra (IceCv)
  6 freezing wraiths (IceCv)
  7 trolls
  3 raiju (Lair:5)
  5 hornets
  11 polar bears
  9 blink frogs
  9 slime creatures
  A culicivora (shapeshifter) (D:13)
  2 shadows
  Sigmund (D:2)
  12 spriggans (Lair:3)
  A dire elephant simulacrum (IceCv)
  53 yaks
  5 basilisks
  4 wyverns
  4 steam dragons
  3 vampire mosquitoes (D:13)
  A harpy simulacrum (IceCv)
  3 death yak simulacra (IceCv)
  9 wargs
  2 acid dragons
  5 nagas (Lair:2)
  A hydra simulacrum (IceCv)
  15 water moccasins
  14 hell hounds (Lair:5)
  28 orc warriors
  2 sky beasts
  12 black bears
  An ice beast (D:8)
  7 boggarts
  15 ogres
  22 wolves
  5 centaurs
  A phantom (D:5)
  5 kobold brigands
  17 bullfrogs
  2 gnoll sergeants
  5 scorpions
  A necrophage (D:5)
  5 cane toad simulacra (IceCv)
  3 elephant simulacra (IceCv)
  10 killer bees
  An electric eel (D:12)
  A howler monkey (D:4)
  A crimson imp (D:5)
  3 hounds (D:4)
  11 jellies
  19 orc priests
  14 iguanas
  40 orc wizards
  10 hell rats (Lair:5)
  3 troll simulacra (IceCv)
  7 polar bear simulacra (IceCv)
  2 wolf simulacra (IceCv)
  13 gnolls
  6 adders
  2 naga simulacra (IceCv)
  12 white imps (D:13)
  3 ufetubi
  A worm (D:2)
  6 dart slugs
  81 orcs
  4 bats
  6 endoplasms
  3 giant cockroaches
  11 goblins
  10 hobgoblins
  3 jackals (D:1)
  12 kobolds
  6 quokkas
  7 ball pythons
  A frilled lizard (D:3)
  2 rats
757 creatures vanquished.

Vanquished Creatures (others)
  The ghost of Heedrag the Basher, a journeyman MiFi of Okawaru (Lair:5)
  The ghost of nubinia the Eclecticist, a journeyman DEEE of Vehumet (Lair:5)
  An iguana (Lair:5)
  An orc wizard (D:11)
  A goblin (D:4)
  4 ball lightnings (Lair:5)
  28 fungi
  69 plants
106 creatures vanquished.

Grand Total: 863 creatures vanquished

Notes
Turn   | Place    | Note
-------+----------+-------------------------------------------
     0 | D:1      | Dartaoz the Gargoyle Fighter began the quest for the Orb.
     0 | D:1      | Reached XP level 1. HP: 14/14 MP: 1/1
    66 | D:1      | Reached XP level 2. HP: 19/19 MP: 2/2
   427 | D:2      | Reached XP level 3. HP: 21/23 MP: 3/3
   471 | D:2      | Found Doziuwel's Antique Armour Shoppe.
   670 | D:2      | Reached XP level 4. HP: 28/29 MP: 4/4
   888 | D:2      | Noticed Sigmund
  1141 | D:2      | Killed Sigmund
  1142 | D:2      | Reached XP level 5. HP: 27/34 MP: 5/5
  1142 | D:2      | Reached XP level 6. HP: 32/39 MP: 6/6
  1587 | D:3      | Found a shimmering blue altar of Sif Muna.
  2395 | D:4      | Found an opulent altar of Gozag.
  2788 | D:4      | Reached skill level 5 in Fighting
  2788 | D:4      | Reached skill level 5 in Shields
  2881 | D:4      | Reached skill level 5 in Armour
  2881 | D:4      | Reached XP level 7. HP: 44/44 MP: 7/7
  3486 | D:5      | Entered Level 5 of the Dungeon
  3638 | D:5      | Found a staircase to the Ecumenical Temple.
  3644 | Temple   | Entered the Ecumenical Temple
  3692 | Temple   | Became a worshipper of Warmaster Okawaru
  3733 | D:5      | Found a sacrificial altar of Ru.
  3833 | D:5      | Reached XP level 8. HP: 43/51 MP: 8/8
  3879 | D:5      | Identified the +1 spear of Fixation {antimagic, rPois rN++
                  | Int-4}
  4404 | D:5      | Found a hide-covered altar of Uskayaw.
  4441 | D:5      | Reached skill level 5 in Maces & Flails
  4448 | D:5      | Found Nadask's Overcharged Wands.
  4485 | D:5      | Found a burning altar of Makhleb.
  4493 | D:5      | Reached * piety under Okawaru
  5431 | D:7      | Found a blossoming altar of Fedhas.
  5667 | D:7      | Found Ofituivo's Weapon Shop.
  5899 | D:7      | Reached XP level 9. HP: 51/57 MP: 9/9
  6404 | D:8      | Noticed a two-headed ogre
  6457 | D:8      | Reached ** piety under Okawaru
  6566 | D:8      | Reached skill level 1 in Invocations
  6742 | D:8      | Killed a two-headed ogre
  6955 | D:7      | Reached XP level 10. HP: 12/64 MP: 12/12
  7639 | D:8      | Reached *** piety under Okawaru
  7811 | D:8      | Found a staircase to the Lair.
  8761 | D:9      | Found a hazy altar of Hepliaklqana.
  9086 | D:10     | Entered Level 10 of the Dungeon
  9089 | D:10     | Noticed a two-headed ogre
  9094 | D:10     | Killed a two-headed ogre
  9095 | D:10     | Reached skill level 5 in Invocations
  9307 | D:10     | Reached **** piety under Okawaru
  9401 | D:10     | Found Ussaurue's Book Emporium.
  9434 | D:10     | Reached XP level 11. HP: 71/71 MP: 15/15
  9598 | D:10     | Found a basalt altar of Yredelemnul.
  9602 | D:10     | Noticed a profane servitor
  9613 | D:10     | Found a glowing golden altar of the Shining One.
  9616 | D:10     | Noticed an angel
  9822 | D:10     | Found an ornate altar of the Wu Jian Council.
  9980 | D:10     | Found a bloodstained altar of Trog.
 10381 | D:11     | Noticed a soul eater
 10535 | D:11     | Reached skill level 10 in Shields
 10552 | D:11     | Reached skill level 10 in Fighting
 10601 | D:11     | Got Heamuhe's Handbook of the Shift
 10613 | D:11     | Found Retufoco's Armour Boutique.
 10628 | D:11     | Reached ***** piety under Okawaru
 10629 | D:11     | Reached skill level 10 in Armour
 11006 | D:11     | Noticed a two-headed ogre
 11017 | D:11     | Killed a two-headed ogre
 11135 | D:11     | Noticed a two-headed ogre
 11147 | D:11     | Killed a two-headed ogre
 11306 | D:11     | Found a staircase to the Orcish Mines.
 11546 | Lair:1   | Entered Level 1 of the Lair of Beasts
 11594 | Lair:1   | Reached XP level 12. HP: 47/78 MP: 15/17
 12469 | Lair:1   | Reached skill level 10 in Maces & Flails
 12615 | Lair:1   | Received a gift from Okawaru
 13376 | Lair:2   | Found a staircase to the Swamp.
 13659 | Lair:2   | Found a staircase to the Snake Pit.
 14056 | Lair:2   | Identified the amulet "Meoc" {rC- Regen+ rCorr Str-3
                  | Stlth+}
 14152 | Swamp:1  | Entered Level 1 of the Swamp
 14152 | Swamp:1  | Noticed Frances
 14306 | Lair:3   | Identified the +0 helmet of Solemn Intercession {rN+ Int+2
                  | Slay+3} (Okawaru gifted it to you on level 3 of the Lair of
                  | Beasts)
 14306 | Lair:3   | Received a gift from Okawaru
 14877 | Lair:3   | Reached XP level 13. HP: 84/84 MP: 18/18
 16066 | Lair:4   | Noticed Sonja
 16095 | Lair:4   | Killed Sonja
 16198 | Lair:4   | Identified the ring of Dacsoup {Wiz rElec}
 16813 | Lair:5   | Entered Level 5 of the Lair of Beasts
 17494 | Lair:5   | Found a runed translucent gate.
 17494 | Lair:5   | Found a runed translucent gate.
 17495 | Lair:5   | Found a runed translucent gate.
 17499 | Lair:5   | Noticed nubinia's ghost (journeyman DEEE)
 17499 | Lair:5   | Noticed Heedrag's ghost (journeyman MiFi)
 17499 | Lair:5   | Noticed LetschGu's ghost (journeyman TeAE)
 17518 | Lair:5   | Received a gift from Okawaru
 17776 | Lair:5   | Gained mutation: Your large and strong wings let you fly.
                  | [Gargoyle growth]
 17776 | Lair:5   | Reached XP level 14. HP: 92/92 MP: 20/20
 17792 | Lair:5   | Received a gift from Okawaru
 18541 | Lair:5   | Reached skill level 1 in Evocations
 19248 | Lair:5   | Found a staircase to the Slime Pits.
 19249 | Lair:5   | Found a viscous altar of Jiyva.
 19281 | Lair:5   | Found a bloodstained altar of Trog.
 19542 | Lair:5   | Killed Heedrag's ghost
 19542 | Lair:5   | Killed nubinia's ghost
 19549 | Lair:5   | Killed LetschGu's ghost
 19635 | Lair:5   | Got the Exposition on the Xenolith and the Jaunt
 20469 | Orc:1    | Entered Level 1 of the Orcish Mines
 20788 | Orc:1    | Found Cupoix's Magic Scroll Boutique.
 20792 | Orc:1    | Found a bloodstained altar of Trog.
 20795 | Orc:1    | Bought a scroll of enchant armour for 90 gold pieces
 20795 | Orc:1    | Bought a scroll of torment for 114 gold pieces
 20795 | Orc:1    | Bought a scroll of enchant weapon for 90 gold pieces
 20795 | Orc:1    | Bought a scroll of identify for 24 gold pieces
 20839 | Orc:1    | Found Gazarphoul's Armour Emporium.
 20840 | Orc:1    | Found Zycsaot's General Store.
 20846 | Orc:1    | Identified the +1 hat of the Pirate {Drain Fly Stlth+}
                  | (Okawaru gifted it to you on level 1 of the Orcish Mines)
 20846 | Orc:1    | Received a gift from Okawaru
 20991 | Orc:1    | Bought a potion of curing for 45 gold pieces
 20991 | Orc:1    | Bought a scroll of identify for 30 gold pieces
 21002 | Orc:1    | Found Cusec Umon's Antique Weapon Shoppe.
 21139 | Orc:2    | Entered Level 2 of the Orcish Mines
 21141 | Orc:2    | Noticed an orc warlord
 21353 | Orc:2    | Noticed an orc warlord
 21375 | Arena    | Entered the Arena
 21393 | Arena    | Killed an orc warlord
 21666 | Orc:2    | Killed an orc warlord
 21976 | Orc:2    | Reached XP level 15. HP: 100/100 MP: 21/21
 22014 | Orc:2    | Found an ancient bone altar of Kikubaaqudgha.
 22025 | Orc:2    | Noticed Nergalle
 22033 | Orc:2    | Killed Nergalle
 22036 | Orc:2    | Found Habbaer's Antique Weapon Emporium.
 22059 | Orc:2    | Found a radiant altar of Vehumet.
 22135 | Orc:2    | Found Tiucravvi's Jewellery Emporium.
 22204 | Orc:2    | Paralysed by an orc sorcerer for 4 turns
 22334 | Orc:2    | Found Zighofi's Magic Scroll Shoppe.
 22344 | Orc:2    | Bought a scroll of identify for 26 gold pieces
 22344 | Orc:2    | Bought 2 scrolls of identify for 52 gold pieces
 22344 | Orc:2    | Bought a scroll of identify for 26 gold pieces
 22401 | Orc:2    | Bought an amulet of faith for 560 gold pieces
 22432 | Orc:2    | Found Toimot Soidu's Distillery.
 22439 | Orc:2    | Bought a potion of heal wounds for 75 gold pieces
 22439 | Orc:2    | Bought a potion of curing for 45 gold pieces
 22474 | Orc:2    | Found a staircase to the Elven Halls.
 22498 | Orc:2    | Paralysed by an orc sorcerer for 4 turns
 23064 | D:13     | Found a frozen archway.
 23096 | IceCv    | Entered an ice cave
 23684 | IceCv    | Reached skill level 5 in Evocations
 23825 | IceCv    | Found an ancient bone altar of Kikubaaqudgha.
 24861 | D:13     | Received a gift from Okawaru
 24981 | D:13     | Identified the +5 trident "Hifetyod" {flame, *Rage Str+5}
 25001 | D:13     | Identified the +1 kite shield of Jotojioduu {rElec Int+2}
 25025 | D:13     | Found the +3 giant club "Skullcrusher" {speed, Str+7}
 25032 | D:13     | Identified the ring "Leavit" {rF+ Will+ MP+9}
 25311 | D:13     | Found a gate to the Vaults.
 25618 | D:13     | Reached XP level 16. HP: 107/107 MP: 22/22
 26051 | D:14     | Reached skill level 15 in Armour
 26051 | D:14     | Reached skill level 15 in Shields
 26212 | D:14     | Slain by a wolf spider simulacrum

Illustrated notes

Levels and vault maps discovered:
D:1:      zelgadis_glass_arrival_small, layout_basic
D:2:      layout_rooms, serial_shops, shop_fountains, uniq_sigmund
D:3:      layout_loops_corners, nicolae_sif_muna_condensation
D:4:      minmay_polygon_palace, layout_basic,
          nicolae_gozag_cash_rules_everything_around_me, minmay_goblin_outpost
D:5:      layout_basic, lemuel_round_altar, makhleb_grotto_becter,
          mainiacjoe_overflow_surrounded_room, minmay_temple_entry_fiery,
          nicolae_shop_overcharged_wands
D:6:      layout_loops_ring
D:7:      layout_loops_ring, general_overflow_altar, serial_shops,
          nicolae_shop_trees, david_defended_altar_orc
D:8:      layout_cave_pools, minmay_lair_entry_grove
D:9:      layout_small_grid, worldfamousw_hep_ancestral_shrine, hex_tiny
D:10:     layout_roguey, kennysheep_little_box, trog_butcher_becter,
          grunt_temple_overflow_holy_war, serial_shops, shop
D:11:     layout_roguey, david_orc_4, serial_shops, shop
D:12:     nicolae_cairo_tiling_large, layout_cave_pools, fountainhead
D:13:     giant_chief_lemuel, layout_cave_pods,
          lightli_vaults_fourway_checkpoint, portal_ice_cave_entry_imps
D:14:     layout_rooms, lemuel_doored_altar, nicolae_qazlal_general_emergency
Temple:   minmay_freezing_vapour_temple
Lair:1:   layout_loops_ring, nicolae_volcano_entry_hallway, grunt_megastairs_3,
          infiniplex_staircase_pool_2
Lair:2:   layout_hall_layers, minmay_swamp_entry_reptiles,
          minmay_snake_entry_guardpost_medium
Lair:3:   kb_forest_paths, layout_regular_city
Lair:4:   layout_regular_city, uniq_sonja
Lair:5:   guppyfry_lair_end_dragon, layout_gridlike,
          hangedman_lair_caniforms_friends, minmay_slime_entry_jelly_boxes,
          gammafunk_ghost_cemetery, basic_altar, serial_bayou_shore_a,
          grunt_megastairs_4, lemuel_fruit_fields
Swamp:1:  nicolae_swamp_standing_stones, layout_basic_swamp,
          nicolae_swamp_trees_clearing, uniq_frances
Orc:1:    layout_caves, serial_shops, shop, shop, nicolae_shop_hallway_plus,
          shop, basic_altar
Orc:2:    kennysheep_orc_mage_school, layout_caves, basic_altar

Skill      XL: |  1  2  3  4  5  6  7  8  9 10 11 12 13 14 15 16 |
---------------+-------------------------------------------------+-----
Fighting       | 4 5 7 8 9 10 11 12 13 14 | 14.9
Shields        | 4 5 7 8 9 10 11 12 13 14 15 | 15.0
Maces & Flails | 3 4 5 6 8 9 11 12 13 14 | 14.0
Armour         | 4 5 7 8 9 10 11 12 13 14 15 | 15.0
Invocations    | 3 5 7 8 |  8.0
Evocations     | 4 6 |  6.6

Action                   |  1- 3 |  4- 6 |  7- 9 | 10-12 | 13-15 | 16-18 || total
-------------------------+-------+-------+-------+-------+-------+-------++-------
Melee: Flail             |    95 |   217 |   150 |       |       |       ||   462
       Whip              |       |       |   304 |  1283 |   795 |       ||  2382
       Demon whip        |       |       |       |       |  1308 |    69 ||  1377
Throw: Dart              |       |     5 |     8 |    15 |    26 |       ||    54
Invok: Heroism           |       |       |     3 |    17 |    22 |     2 ||    44
       Finesse           |       |       |       |       |     6 |       ||     6
       Duel              |       |       |       |       |     1 |       ||     1
  Use: Scroll            |       |     4 |     7 |    14 |    12 |       ||    37
       Potion            |       |       |     3 |     7 |     6 |       ||    16
Armor: Scale mail        |    50 |   147 |   144 |       |       |       ||   341
       Plate armour      |       |       |    46 |   638 |   941 |    45 ||  1670
       Chain mail        |       |       |    46 |       |       |       ||    46
Dodge: Dodged            |    50 |    99 |   152 |   246 |   372 |    16 ||   935
Block: Buckler           |    17 |    34 |   106 |   307 |   505 |       ||   969
       Kite shield       |       |       |       |       |   237 |    61 ||   298

Table legend: (Time is in decaauts)
 A = Elapsed time spent in this place.
 B = Non-inter-level travel time spent in this place.
 C = Inter-level travel time spent in this place.
 D = Time resting spent in this place.
 E = Time spent auto-exploring this place.
 F = Levels seen in this place.
 G = Mean time per level.
                   A        B        C        D        E       F      G
               +--------+--------+--------+--------+--------+-----+--------+
         Total |  24762 |  23823 |    939 |   5993 |  12076 |  25 |  990.5 |
       Dungeon |  14163 |  13488 |    675 |   3071 |   7330 |  14 | 1011.6 |
        Temple |     53 |     53 |      0 |      0 |     11 |   1 |   53.0 |
          Lair |   7380 |   7219 |    161 |   1923 |   3570 |   5 | 1476.0 |
         Swamp |      1 |      1 |      0 |      0 |      0 |   1 |    1.0 |
  Orcish Mines |   2189 |   2087 |    102 |    662 |    824 |   2 | 1094.5 |
      Ice Cave |    939 |    939 |      0 |    315 |    340 |   1 |  939.0 |
         Arena |     33 |     33 |      0 |     21 |      0 |   1 |   33.0 |
               +--------+--------+--------+--------+--------+-----+--------+

Top non-repeatable levels by time:
  Lair:5: 2195 daAuts
    D:13: 1902 daAuts
     D:7: 1571 daAuts
  Lair:3: 1548 daAuts
  Lair:1: 1522 daAuts
   Orc:2: 1211 daAuts
    D:10: 1202 daAuts
    D:11: 1177 daAuts
     D:4: 1174 daAuts
     D:5: 1158 daAuts
  Lair:4: 1140 daAuts
     D:3: 1118 daAuts
     D:8: 1052 daAuts
     D:9: 1051 daAuts
   Orc:1: 978 daAuts
